 Dungeon Crawl Stone Soup version 0.28.0-53-g5a82cb258f (webtiles) character file.

Game seed: 8263722454223686293

112 hawla the Grave Robber (level 4, -1/24 HPs)
             Began as a Deep Elf Necromancer on June 12, 2022.
             Slain by an adder (3 damage)
             ... on level 3 of the Dungeon.
             The game lasted 00:07:55 (3534 turns).

hawla the Grave Robber (Deep Elf Necromancer)       Turns: 3534, Time: 00:07:56

Health: -1/24      AC:  2    Str:  7    XL:     4   Next: 64%
Magic:  2/12       EV: 13    Int: 20    God:
Gold:   69         SH:  0    Dex: 15    Spells: 10/12 levels left

rFire   . . .      SeeInvis .   l - +0 quarterstaff
rCold   . . .      Faith    .   (shield currently unavailable)
rNeg    . . .      Spirit   .   a - +0 robe
rPois   .          Reflect  .   (no helmet)
rElec   .          Harm     .   (no cloak)
rCorr   .          Rampage  .   (no gloves)
Will    .....                   (no boots)
Stlth   ++........              (no amulet)
HPRegen 0.08/turn               (no ring)
MPRegen 0.13/turn               (no ring)

@: no status effects
A: no striking features
a: no special abilities


You were on level 3 of the Dungeon.
You visited 1 branch of the dungeon, and saw 3 of its levels.

You collected 69 gold pieces.

Inventory:

Hand Weapons
 l - a +0 quarterstaff (weapon)
Missiles
 j - 7 poisoned darts
Armour
 a - a +0 robe (worn)
Jewellery
 k - a +6 ring of dexterity
Wands
 i - a wand of digging (4)
Scrolls
 b - a scroll of enchant weapon {unknown}
 c - a scroll of identify
 d - a scroll of vulnerability
 e - a scroll of magic mapping {unknown}
Potions
 f - a potion of lignification


   Skills:
 + Level 0.2 Fighting
 + Level 2.7 Dodging
 + Level 2.8 Stealth
 + Level 4.6 Spellcasting
 + Level 6.2 Necromancy


You had 10 spell levels left.
You knew the following spells:

 Your Spells              Type           Power      Damage    Failure   Level
a - Pain                  Necr           100%       1d9       1%          1
b - Animate Skeleton      Necr           58%        N/A       1%          1

Your spell library contained the following spells:

 Spells                   Type           Power      Damage    Failure   Level
 Vampiric Draining        Necr           29%        2d8       2%          3
 Animate Dead             Necr           14%        N/A       10%         4
 Agony                    Necr           29%        N/A       26%         5
 Summon Guardian Golem    Hex/Summ       4%         N/A       36%         3
 Tukima's Dance           Hex            4%         N/A       36%         3
 Animate Armour           Summ/Erth      8%         N/A       77%         4
 Passage of Golubria      Tloc           4%         N/A       77%         4
 Blade Hands              Tmut           2%         N/A       98%         5
 Yara's Violent Unravell  Hex/Tmut       2%         3d3       98%         5
 Iron Shot                Conj/Erth      2%         9d2       100%        6
 Orb of Destruction       Conj           2%         9d5       100%        7
 Spellforged Servitor     Conj/Summ      2%         N/A       100%        7


Dungeon Overview and Level Annotations

Branches:
Dungeon (3/15)

Altars:


Message History

Confirm with . or Enter, or press ? or * to list all spells.
There is nothing nearby to animate!
Casting: Animate Skeleton (safe; 1% risk of failure)
Confirm with . or Enter, or press ? or * to list all spells.
Aiming: Pain (safe; 1% risk of failure)
Press: ? - help, Shift-Dir - straight line, f - orc
Aim: an orc, wielding a +0 mace and wearing a +0 leather armour (heavily wounded, very poisoned, ally target, chance to affect: 93%)
The orc writhes in agony.
You kill the orc!
Unknown command.
Casting: Pain (safe; 1% risk of failure)
Confirm with . or Enter, or press ? or * to list all spells.
You attempt to give life to the dead...
Before your eyes, flesh is ripped from the corpse!
The dead are walking!
Casting: Animate Skeleton (safe; 1% risk of failure)
Confirm with . or Enter, or press ? or * to list all spells.
Aiming: Pain (safe; 1% risk of failure)
Press: ? - help, Shift-Dir - straight line, f - adder
Aim: an adder (ally target, chance to affect: 88%)
Okay, then.
The adder bites your orc wizard skeleton.
Your orc skeleton closely misses the adder.
The adder bites your orc wizard skeleton.
Your orc wizard skeleton is destroyed!
Your orc skeleton hits the adder with a +0 mace.
Casting: Pain (safe; 1% risk of failure)
Confirm with . or Enter, or press ? or * to list all spells.
Aiming: Pain (safe; 1% risk of failure)
Press: ? - help, Shift-Dir - straight line, f - adder
Aim: an adder (heavily wounded, ally target, chance to affect: 88%)
The adder writhes in agony.
The adder barely misses you.
Your orc skeleton misses the adder.
Casting: Pain (safe; 1% risk of failure)
Confirm with . or Enter, or press ? or * to list all spells.
Aiming: Pain (safe; 1% risk of failure)
Press: ? - help, Shift-Dir - straight line, f/p - adder
Aim: an adder (severely wounded, ally target, chance to affect: 88%)
The adder writhes in agony.
The adder barely misses you. The adder bites you.
You die...

#...........^....##.........
.........##[####...รท
..[......##.# #.....
.........##.# #.##..
........##.# #.....
#.....##.# ###### +........#
#####.....#### ##...@.....#
........S....#
##../...Z)...#
.........##### ###......#
#......# #......# #......#
#......


You could see an adder (ally target) and a friendly orc skeleton.

Vanquished Creatures
  An orc wizard (D:3)
  2 adders
  A worm (D:3)
  A dart slug (D:3)
  7 orcs (D:3)
  5 endoplasms
  A giant cockroach (D:1)
  3 goblins
  6 hobgoblins
  2 jackals (D:1)
  7 kobolds
  3 quokkas
  8 ball pythons
  A bat (D:3)
  2 frilled lizards (D:1)
  4 rats
54 creatures vanquished.

Vanquished Creatures (collateral kills)
  An endoplasm (D:1)
1 creature vanquished.

Grand Total: 55 creatures vanquished

Notes
Turn   | Place    | Note
-------+----------+-------------------------------------------
     0 | D:1      | hawla the Deep Elf Necromancer began the quest for the Orb.
     0 | D:1      | Reached XP level 1. HP: 10/10 MP: 6/6
   118 | D:1      | Reached skill level 5 in Necromancy
   589 | D:1      | Reached XP level 2. HP: 14/15 MP: 5/8
   995 | D:1      | Learned a level 1 spell: Animate Skeleton
  1359 | D:1      | Found a faded altar of an unknown god.
  1872 | D:2      | Reached XP level 3. HP: 18/19 MP: 8/10
  3111 | D:3      | Reached XP level 4. HP: 15/24 MP: 7/12
  3298 | D:3      | Reached skill level 6 in Necromancy
  3534 | D:3      | Slain by an adder

Illustrated notes

Levels and vault maps discovered:
D:1:      evilmike_arrival_crescent, layout_basic,
          shapermc_ecumenical_altar_notcrosses
D:2:      layout_loops_ring, minmay_misc_feat_enclosed, minmay_stone_trees_small
D:3:      minmay_evil_eye, layout_basic, mainiacjoe_overflow_surrounded_room,
          minmay_checkerbox

Skill      XL: |  1  2  3  4 |
---------------+-------------+-----
Necromancy     | 5 6 |  6.2
Spellcasting   | 4 |  4.6
Fighting       | |  0.2
Dodging        | |  2.7
Stealth        | |  2.8

Action                   |  1- 3 |  4- 6 || total
-------------------------+-------+-------++-------
Melee: Unarmed           |    11 |       ||    11
       Quarterstaff      |     1 |       ||     1
 Cast: Pain              |    77 |    15 ||    92
       Animate Skeleton  |     9 |     3 ||    12
  Use: Scroll            |     4 |       ||     4
       Potion            |     2 |       ||     2
Armor: Robe              |     6 |     3 ||     9
Dodge: Dodged            |    34 |     7 ||    41
